 Dungeon Crawl Stone Soup version 0.22-a0-422-g9628fc8 (webtiles) character file.

19467 iamserjio the Thaumaturge (level 12, 0/95 HPs)
             Began as a Mummy Earth Elementalist on May 16, 2018.
             Was an Initiate of Gozag.
             Slain by an orc priest
             ... wielding a +0 trident
              (5 damage)
             ... on level 1 of the Orcish Mines.
             The game lasted 00:59:26 (28410 turns).

iamserjio the Thaumaturge (MuEE)                   Turns: 28410, Time: 00:59:27

Health: 0/95       AC:  5    Str: 12    XL:     12   Next: 36%
Magic:  9/37       EV: 11    Int: 18    God:    Gozag
Gold:   2461       SH:  0    Dex: 15    Spells: 21/36 levels left

rFire    . . .     SeeInvis .   K - +5 dagger (flame)
rCold    + . .     Gourm    .   (no shield)
rNeg     + + +     Faith    .   v - +0 ring mail {rF+}
rPois    ∞         Spirit   .   (no helmet)
rElec    .         Reflect  .   J - +0 cloak {MR+}
rCorr    .         Harm     .   h - +0 pair of gloves
MR       ++...                  j - +0 pair of boots
Stlth    +.........             (no amulet)
HPRegen  0.25/turn              y - ring of magical power
MPRegen  0.25/turn              k - +2 ring of dexterity

@: corroded, gold aura, very slightly contaminated
A: no food or potions, fire vulnerability, cold resistance 1, negative energy
resistance 3, torment resistance, unbreathing
a: Potion Petition, Call Merchant, Bribe Branch, Renounce Religion


You were on level 1 of the Orcish Mines.
You worshipped Gozag.
Gozag was most pleased with you.
You were not hungry.

You visited 3 branches of the dungeon, and saw 16 of its levels.

You collected 3100 gold pieces.
You spent 586 gold pieces at shops.
You paid 53 gold pieces to Gozag.

Inventory:

Hand Weapons
 F - a +2 flail of draining
 H - the +0 scimitar of the Six Queens {speed, rN+}
   (You bought it in a shop on level 13 of the Dungeon)

   Attacks with this weapon are significantly faster.
   It protects you from negative energy.
 K - a +5 dagger of flaming (weapon)
Missiles
 b - 329 stones (quivered)
Armour
 g - a +3 leather armour
 h - a +0 pair of gloves (worn)
 j - a +0 pair of boots (worn)
 v - a +0 ring mail of fire resistance (worn)
 w - a +2 robe of cold resistance
 J - a +0 cloak of magic resistance (worn)
Jewellery
 k - a +2 ring of dexterity (right hand)
 s - an uncursed ring of flight
 u - an uncursed ring of fire
 y - a ring of magical power (left hand)
 C - an uncursed ring of ice
 D - an uncursed ring of resist corrosion
Wands
 c - a wand of disintegration (21)
 q - a wand of clouds (6)
 A - a wand of paralysis (9)
Scrolls
 a - 3 scrolls of remove curse
 d - 2 scrolls of teleportation
 e - 2 scrolls of fear
 f - 6 scrolls of blinking
 i - 2 scrolls of torment
 l - 5 scrolls of fog
 n - 2 scrolls of immolation
 o - 3 scrolls of amnesia
 p - 3 scrolls of magic mapping
 t - 3 scrolls of enchant weapon
 B - a scroll of holy word
 E - a scroll of vulnerability {unknown}
 I - a scroll of brand weapon {unknown}


   Skills:
 + Level 9.1 Fighting
 * Level 4.3 Armour
 - Level 1.5 Dodging
 - Level 1.5 Stealth
 + Level 12.5 Spellcasting
 - Level 0.7 Transmutations
 + Level 12.2 Earth Magic


You had 21 spell levels left.
You knew the following spells:

 Your Spells              Type           Power        Failure   Level  Hunger
a - Sandblast             Erth           ######       1%          1    N/A
b - Stone Arrow           Conj/Erth      ####..       3%          3    N/A
c - Passwall              Tmut/Erth      ####......   1%          2    N/A
d - Lee's Rapid Deconstr  Erth           ######....   2%          5    N/A
e - Petrify               Tmut/Erth      ####....     9%          4    N/A

Your spell library contained the following spells:

 Spells                   Type           Power        Failure   Level  Hunger
 Cause Fear               Hex            ##........   78%         4    N/A
 Apportation              Tloc           ##....       13%         1    N/A
 Bolt of Magma            Conj/Fire/Erth ####......   56%         5    N/A
 Venom Bolt               Conj/Pois      ##........   98%         5    N/A
 Summon Small Mammal      Summ           ##..         13%         1    N/A
 Animate Skeleton         Necr           N/A          13%         1    N/A
 Summon Ice Beast         Ice/Summ       ##......     78%         4    N/A
 Call Imp                 Summ           ##......     21%         2    N/A
 Iron Shot                Conj/Erth      ####......   86%         6    N/A
 Deflect Missiles         Chrm/Air       ##........   100%        6    N/A
 Confusing Touch          Hex            ##....       13%         1    N/A
 Call Canine Familiar     Summ           ##......     36%         3    N/A
 Silence                  Hex/Air        ##........   98%         5    N/A
 Orb of Destruction       Conj           ##........   100%        7    N/A
 Iskenderun's Battlesphe  Conj/Chrm      ##......     98%         5    N/A
 Discord                  Hex            ##........   100%        8    N/A
 Summon Lightning Spire   Summ/Air       ##......     78%         4    N/A
 Summon Guardian Golem    Hex/Summ       ##......     36%         3    N/A
 Spellforged Servitor     Conj/Summ      ##........   100%        7    N/A
 Yara's Violent Unravell  Hex/Tmut       ##........   97%         5    N/A

Dungeon Overview and Level Annotations

Branches:
Dungeon (14/15)            Temple (1/1) D:5            Lair (0/6) D:8
    Orc (1/2) D:12
 Vaults: D:13-14

Altars:
Ashenzari
Dithmenos
Fedhas
Gozag
Hepliaklqana
Nemelex Xobeh
Okawaru
Ru
Trog
Vehumet
Xom
The Shining One
Beogh

Shops:
D:6 (   D:13 (

Annotations:
D:6 PegasusDuck's ghost, novice GnWn
D:9 inmateoo's ghost, journeyman BaFi
Orc:1 Erolcha


Innate Abilities, Weirdness & Mutations

You do not eat or drink.
Your flesh is vulnerable to fire.
You are immune to poison.
Your flesh is cold resistant. (rC+)
You are immune to negative energy. (rN+++)
You are immune to unholy pain and torment.
You can survive without breathing.


Message History

The bolt of cold misses the orc priest.
The bolt of cold misses you.
The orc is distracted by the nearby gold.
The orc priest hits you but does no damage.
The orc warrior hits you with a dire flail!!
Erolcha zaps a wand.
The bolt of acid hits the orc priest.
The orc priest is splashed with acid.
The acid corrodes the orc priest!
The orc priest dies!
The bolt of acid hits you!
You are splashed with acid!
The acid burns!
* * * LOW HITPOINT WARNING * * *
It is a wand of acid (9).
The orc shouts!
The orc is no longer distracted by gold.
The orc hits you but does no damage.
Erolcha zaps a wand.
The bolt of acid hits you!
* * * LOW HITPOINT WARNING * * *
The acid corrodes you!
You are splashed with acid!
The acid burns!
* * * LOW HITPOINT WARNING * * *
The orc priest hits you from afar with a trident.
You die...
Your body crumbles into a pile of gold.

# .###
### .....
#.#o.....
#@$o.#
#o#$.#
.##


TO.. .. $.## ... .# $.#. .. ..### .$ >.. You could see Erolcha, a troll, an orc
warrior, an orc priest and an orc.

Vanquished Creatures
  4 two-headed ogres
  A wizard (D:13)
  An orc knight (D:13)
  4 ugly things
  3 slime creatures (D:13)
  2 manticores
  Maurice (D:10)
  A gargoyle (D:10)
  A kobold demonologist (D:11)
  A troll (D:8)
  7 hippogriffs
  A shadow (D:12)
  3 wyverns
  11 yaks
  A vampire (D:11)
  3 hungry ghosts
  A steam dragon (D:11)
  An acid dragon (D:11)
  A black bear (D:11)
  4 sky beasts
  2 phantoms
  5 orc warriors
  An ice beast (D:8)
  A hornet zombie (D:10)
  2 eyes of draining
  10 ogres
  3 wolves (D:8)
  3 centaurs
  2 crocodiles
  5 big kobolds
  7 bullfrogs
  2 gnoll sergeants (D:8)
  3 wyvern skeletons
  16 killer bees
  3 scorpions
  3 howler monkeys
  3 electric eels (D:8)
  2 bullfrog zombies
  8 crimson imps
  2 quasits
  2 bullfrog skeletons
  12 orc priests
  11 hounds
  11 orc wizards
  A centaur skeleton (D:8)
  4 jellies
  2 iguanas
  12 worker ants
  3 hound skeletons
  2 hound zombies
  2 howler monkey zombies
  2 worker ant zombies (D:8)
  27 gnolls
  17 adders
  2 howler monkey skeletons
  2 shadow imps (D:11)
  3 oozes
  2 adder zombies
  An adder skeleton (D:7)
  3 worms
  3 dart slugs
  7 leopard geckos
  58 orcs
  A ball python (D:1)
  5 giant cockroaches
  6 goblins
  9 hobgoblins
  20 jackals
  22 kobolds
  4 quokkas
  7 bats
  5 frilled lizards
  A giant cockroach zombie (D:5)
  A leopard gecko skeleton (D:4)
  5 rats
410 creatures vanquished.

Vanquished Creatures (others)
  An orc priest (Orc:1)
  A gnoll (D:8)
2 creatures vanquished.

Grand Total: 412 creatures vanquished

Notes
Turn   | Place    | Note
-------+----------+-------------------------------------------
     0 | D:1      | iamserjio the Mummy Earth Elementalist began the quest for the Orb.
     0 | D:1      | Reached XP level 1. HP: 13/13 MP: 4/4
    11 | D:1      | Reached XP level 2. HP: 19/19 MP: 3/6
  1078 | D:1      | Reached XP level 3. HP: 17/24 MP: 7/7
  1553 | D:2      | Learned a level 3 spell: Stone Arrow
  2015 | D:2      | Reached XP level 4. HP: 25/30 MP: 0/9
  3056 | D:2      | Reached XP level 5. HP: 26/35 MP: 2/11
  3889 | D:3      | Found a bloodstained altar of Trog.
  4273 | D:3      | Found a glowing golden altar of the Shining One.
  5257 | D:3      | Found a blossoming altar of Fedhas.
  5908 | D:3      | Learned a level 2 spell: Passwall
  5910 | D:4      | Found a shattered altar of Ashenzari.
  5931 | D:4      | Found a shimmering altar of Xom.
  5931 | D:4      | Found a shimmering altar of Xom.
  5932 | D:4      | Found a shimmering altar of Xom.
  6025 | D:4      | Reached XP level 6. HP: 41/41 MP: 1/13
  6397 | D:4      | Found a shimmering altar of Xom.
  6397 | D:4      | Found a shimmering altar of Xom.
  6398 | D:4      | Found a shimmering altar of Xom.
  6414 | D:4      | Found a shimmering altar of Xom.
  6415 | D:4      | Found a shimmering altar of Xom.
  6432 | D:4      | Found a hazy altar of Hepliaklqana.
  6436 | D:5      | Entered Level 5 of the Dungeon
  6592 | D:5      | Reached skill level 5 in Spellcasting
  6592 | D:5      | Reached skill level 5 in Earth Magic
  7289 | D:5      | Found an iron altar of Okawaru.
  7532 | D:5      | Reached XP level 7. HP: 29/46 MP: 2/15
  7898 | D:5      | Found a staircase to the Ecumenical Temple.
  7908 | Temple   | Entered the Ecumenical Temple
  7933 | Temple   | Became a worshipper of Gozag Ym Sagoz the Greedy
  9491 | D:5      | Learned a level 5 spell: Lee's Rapid Deconstruction
  9614 | D:6      | Noticed PegasusDuck's ghost (novice GnWn)
 10043 | D:6      | Found a radiant altar of Vehumet.
 10447 | D:6      | Reached XP level 8. HP: 51/52 MP: 8/18
 10530 | D:6      | Found Aluown's Antique Weapon Shoppe.
 11353 | D:6      | Bought a twisted flail for 280 gold pieces
 11721 | D:7      | Reached skill level 1 in Fighting
 11827 | D:7      | Noticed a hippogriff
 11834 | D:7      | Killed a hippogriff
 12093 | D:7      | Found a sparkling altar of Nemelex Xobeh.
 13652 | D:8      | Reached XP level 9. HP: 40/64 MP: 8/21
 14972 | D:8      | Found a staircase to the Lair.
 15724 | D:8      | Noticed a troll
 15729 | D:8      | Killed a troll
 16385 | D:8      | Reached skill level 5 in Fighting
 16971 | D:9      | Noticed a two-headed ogre
 17220 | D:8      | Killed a two-headed ogre
 17220 | D:8      | Reached XP level 10. HP: 49/74 MP: 1/23
 17917 | D:9      | Reached skill level 10 in Earth Magic
 18013 | D:9      | Reached skill level 10 in Spellcasting
 18865 | D:9      | Noticed inmateoo's ghost (journeyman BaFi)
 19471 | D:10     | Entered Level 10 of the Dungeon
 19471 | D:10     | Noticed a gargoyle
 19552 | D:10     | Learned a level 4 spell: Petrify
 19559 | D:10     | Noticed Maurice
 19566 | D:10     | Killed Maurice
 20493 | D:10     | Killed a gargoyle
 20699 | D:10     | Reached XP level 11. HP: 78/83 MP: 15/25
 21234 | D:11     | Noticed a purple ugly thing
 21240 | D:11     | Killed a purple ugly thing
 23179 | D:12     | Noticed a red ugly thing
 23195 | D:12     | Killed a red ugly thing
 23564 | D:12     | Found a staircase to the Orcish Mines.
 24365 | D:12     | Found a roughly hewn altar of Beogh.
 25353 | D:13     | Noticed a purple ugly thing
 25360 | D:13     | Killed a purple ugly thing
 25360 | D:13     | Reached skill level 1 in Armour
 25866 | D:13     | Noticed a two-headed ogre
 25875 | D:13     | Noticed a two-headed ogre
 25880 | D:13     | Killed a two-headed ogre
 26206 | D:13     | Killed a two-headed ogre
 26206 | D:13     | Reached XP level 12. HP: 94/94 MP: 26/28
 26734 | D:13     | Found Qune's Antique Weapon Boutique.
 26737 | D:13     | Bought a fine scimitar for 306 gold pieces
 26737 | D:13     | Identified the cursed +0 scimitar of the Six Queens {speed, rN+} (You bought it in a shop on level 13 of the Dungeon)
 27043 | D:13     | Noticed a two-headed ogre
 27046 | D:13     | Killed a two-headed ogre
 28399 | Orc:1    | Entered Level 1 of the Orcish Mines
 28404 | Orc:1    | Noticed Erolcha
 28410 | Orc:1    | Slain by an orc priest

Vault maps used:
D:1:      tarquinn_simple_flora_water_e
D:2:      cheibrodos_helix_gallery, first_ration
D:3:      lemuel_doored_altar, nicolae_tso_carved_into_rock,
          lemuel_coloured_pillars_altar
D:4:      lemuel_crystal_altar, ashenzari_altar_1, xom_redecorated
D:5:      temple_hall, basic_altar, serial_bayou_pond_b
D:6:      old_standard_altar, serial_shops, nicolae_shop_overgrown_old_shop,
          minmay_stone_trees_small
D:7:      nemelex_lonely_heart_becter
D:8:      erik_lair_island
D:10:     uniq_maurice
D:11:     blue_anna_alchemist
D:12:     minmay_orc_entry_temple_large, interstate_on_off
D:13:     serial_shops, kennysheep_mini, lightli_wizard_tower
D:14:     erik_vaults_2, nemelex_xobeh_ov_fountains_minmay
Temple:   regret_index_temple_generic_petals
Orc:1:    basic_altar, bloody_trog, uniq_erolcha

Skill      XL: |  1  2  3  4  5  6  7  8  9 10 11 12 |
---------------+-------------------------------------+-----
Spellcasting   | 3 4 5 6 8 9 10 12 | 12.5
Earth Magic    | 3 4 5 6 8 9 10 12 | 12.2
Fighting       | 3 5 6 8 9 |  9.1
Armour         | 2 4 |  4.3
Dodging        | |  1.5
Stealth        | |  1.5
Transmutations | |  0.7

Action                   |  1- 3 |  4- 6 |  7- 9 | 10-12 || total
-------------------------+-------+-------+-------+-------++-------
Melee: Flail             |    69 |       |       |    11 ||    80
       Short sword       |    31 |    84 |       |     8 ||   123
       Rapier            |       |    42 |    70 |    80 ||   192
       Whip              |       |       |       |     8 ||     8
       Scimitar          |       |       |       |     8 ||     8
 Cast: Sandblast         |    24 |    20 |    30 |    54 ||   128
       Stone Arrow       |       |    81 |   192 |   314 ||   587
       Lee's Rapid Decon |       |       |    14 |    66 ||    80
Invok: Potion Petition   |       |       |       |     1 ||     1
Evoke: Wand              |       |       |     1 |     2 ||     3
  Use: Scroll            |       |     4 |     6 |     9 ||    19
 Stab: Sleeping          |     2 |       |       |       ||     2
       Distracted        |       |       |     1 |       ||     1
Armor: Robe              |    38 |    24 |       |       ||    62
       Leather armour    |       |    26 |    77 |    92 ||   195
       Ring mail         |       |       |       |    17 ||    17
Dodge: Dodged            |    88 |   118 |   156 |   157 ||   519
       Rpst.: Scimitar   |       |       |       |     3 ||     3

Table legend:
 A = Spawn XP
 B = Non-spawn XP
 C = Spawn XP percentage of total XP
 D = Spawn monster count
 E = Non-spawn monster count
 F = Spawn count percentage of total count
 G = Total turns spent on level
                    A         B        C        D         E        F      G
               +---------+---------+-------+---------+---------+-------+---------
         Total |       0 |   27810 |   0.0 |       0 |     411 |   0.0 | 28410
               +---------+---------+-------+---------+---------+-------+---------
           D:1 |       0 |      54 |   0.0 |       0 |      24 |   0.0 |  1548
           D:2 |       0 |     157 |   0.0 |       0 |      20 |   0.0 |  1903
           D:3 |       0 |     113 |   0.0 |       0 |      36 |   0.0 |  2688
           D:4 |       0 |     354 |   0.0 |       0 |      23 |   0.0 |   935
           D:5 |       0 |     591 |   0.0 |       0 |      20 |   0.0 |  3270
           D:6 |       0 |     293 |   0.0 |       0 |      17 |   0.0 |  1431
           D:7 |       0 |     833 |   0.0 |       0 |      15 |   0.0 |  2162
           D:8 |       0 |    3674 |   0.0 |       0 |      53 |   0.0 |  3608
           D:9 |       0 |    2191 |   0.0 |       0 |      37 |   0.0 |  2159
          D:10 |       0 |    3175 |   0.0 |       0 |      31 |   0.0 |  1486
          D:11 |       0 |    4130 |   0.0 |       0 |      34 |   0.0 |  2326
          D:12 |       0 |    2787 |   0.0 |       0 |      36 |   0.0 |  1906
          D:13 |       0 |    9355 |   0.0 |       0 |      60 |   0.0 |  2925
         Orc:1 |       0 |     103 |   0.0 |       0 |       5 |   0.0 |    11
               +---------+---------+-------+---------+---------+-------+---------
